 Dungeon Crawl Stone Soup version 0.29-a0-542-g075992c915 (webtiles) character file.

Game seed: 1813971881460238383

21416 oldriver the Cleaver (level 12, 0/104 (107) HPs)
             Began as a Palentonga Delver on June 4, 2022.
             Was a High Priest of Okawaru.
             Slain by a spectral black mamba (10 damage)
             ... on level 11 of the Dungeon.
             The game lasted 00:30:33 (19679 turns).

oldriver the Cleaver (Palentonga Delver)           Turns: 19679, Time: 00:30:33

HP:   0/104 (107)   AC: 25    Str: 23    XL:     12   Next: 54%
MP:   17/18         EV:  9    Int: 10    God:    Okawaru [*****.]
Gold: 732           SH:  5    Dex: 13    Spells: 11/11 levels left

rFire   + . .      SeeInvis +   F - +11 battleaxe of Uphiypech {freeze, *Corrode rC+ Str+3}
rCold   + + .      Faith    .   (shield currently unavailable)
rNeg    . . .      Spirit   .   k - +5 chain mail {rF+}
rPois   .          Reflect  +   (no helmet)
rElec   .          Harm     .   r - +0 cloak
rCorr   +          Rampage  .   t - +0 pair of gloves
Will    .....                   (no barding)
Stlth   +.........              j - amulet of reflection
HPRegen 0.27/turn               l - ring of protection from cold
MPRegen 0.16/turn               e - ring of resist corrosion

@: heroic, studying Conjurations, lightly drained, curled up
A: large, rugged brown scales 3, see invisible, deformed body, roll 1, armoured
tail, reflexive curl
a: Rolling Charge, Renounce Religion, Heroism, Finesse, Duel


You were on level 11 of the Dungeon.
You worshipped Okawaru.
Okawaru was extremely pleased with you.
You visited 2 branches of the dungeon, and saw 12 of its levels.
You also visited: Bailey.

You collected 732 gold pieces.

Inventory:

Hand Weapons
 B - a +2 hand axe of freezing
 F - the +11 battleaxe of Uphiypech (weapon) {freeze, *Corrode rC+ Str+3}
   (Okawaru gifted it to you on level 11 of the Dungeon)

   It freezes those it strikes, dealing additional cold damage.
   It can also slow down cold-blooded creatures.
   Str:       It affects your strength (+3).
   rC:        It protects you from cold.
   *Corrode:  It may corrode you when you take damage.
Missiles
 m - 52 poisoned darts
Armour
 k - a +5 chain mail of fire resistance (worn)
 r - a +0 cloak (worn)
 t - a +0 pair of gloves (worn)
 E - a +0 buckler
Jewellery
 e - a ring of resist corrosion (right hand)
 j - an amulet of reflection (around neck)
 l - a ring of protection from cold (left hand)
 s - a ring of protection from fire
 u - a ring of fire
Wands
 a - a wand of flame (10)
 g - a wand of digging (5)
 v - a wand of iceblast (4)
Scrolls
 c - a scroll of fog
 d - 3 scrolls of magic mapping
 f - a scroll of teleportation
 o - 4 scrolls of enchant weapon
 p - a scroll of identify
 y - a scroll of fear
 z - 2 scrolls of silence
 C - a scroll of amnesia
Potions
 b - a potion of brilliance {unknown}
 h - a potion of curing
 i - 3 potions of ambrosia {unknown}
 n - a potion of might
 q - 2 potions of resistance
 w - 3 potions of berserk rage
 x - a potion of mutation
 A - a potion of flight
Miscellaneous
 D - a lightning rod (4/4)


   Skills:
 + Level 11.2(16.2) Fighting
 * Level 14.4(19.4) Axes
 + Level 5.9(10.9) Armour
 - Level 3.0(8.0) Dodging
 - Level 3.4(8.4) Stealth
 - Level 1.3(6.3) Shields
 + Level 8.6 Invocations


You had 11 spell levels left.
You didn't know any spells.
Your spell library contained the following spells:

 Spells                   Type           Power      Damage    Failure   Level
 Beastly Appendage        Tmut           0%         N/A       90%         1
 Slow                     Hex            0%         N/A       90%         1
 Ensorcelled Hibernation  Hex/Ice        0%         N/A       97%         2
 Passwall                 Tmut/Erth      0%         N/A       97%         2
 Wereblood                Tmut           0%         N/A       97%         2
 Confusing Touch          Hex            0%         N/A       99%         3
 Conjure Flame            Conj/Fire      0%         6-21      99%         3
 Ignite Poison            Fire/Tmut/Pois 0%         N/A       99%         3
 Portal Projectile        Hex/Tloc       0%         N/A       99%         3
 Spider Form              Tmut/Pois      0%         N/A       99%         3
 Stone Arrow              Conj/Erth      0%         3d7       99%         3
 Swiftness                Air            0%         N/A       99%         3
 Vampiric Draining        Necr           0%         2d6       99%         3
 Fulminant Prism          Conj/Hex       0%         3d6       100%        4
 Hailstorm                Conj/Ice       0%         3d3       100%        4
 Ice Form                 Ice/Tmut       0%         N/A       100%        4
 Iskenderun's Mystic Bla  Conj/Tloc      0%         2d3       100%        4
 Passage of Golubria      Tloc           0%         N/A       100%        4
 Sticky Flame             Conj/Fire      0%         2d3       100%        4
 Alistair's Intoxication  Tmut/Pois      0%         N/A       100%        5
 Borgnjor's Vile Clutch   Necr/Erth      0%         N/A       100%        5
 Lee's Rapid Deconstruct  Erth           0%         3d5*      100%        5
 Yara's Violent Unravell  Hex/Tmut       0%         3d3       100%        5
 Eringya's Noxious Bog    Tmut/Pois      0%         N/A       100%        6
 Lehudib's Crystal Spear  Conj/Erth      0%         10d2      100%        8
 Tukima's Dance           Hex            Unusable   N/A       N/A         3
 Animate Armour           Summ/Erth      Unusable   N/A       N/A         4
 Simulacrum               Ice/Necr       Unusable   N/A       N/A         6

Dungeon Overview and Level Annotations

Branches:
Dungeon (11/15)            Temple (1/1) D:4            Lair (0/6) D:11
    Orc (0/2) D:11         Bailey (visited)

Altars:
Ashenzari
Cheibriados
Dithmenos
Elyvilon
Fedhas
Gozag
Hepliaklqana
Kikubaaqudgha
Makhleb
Nemelex Xobeh
Okawaru
Qazlal
Ru
Sif Muna
Trog
Uskayaw
Vehumet
Wu Jian
Xom
Yredelemnul
Zin
The Shining One

Annotations:
D:10 2 runed translucent doors, 2 transporters, exclusion: obsidian statue, delverdan's ghost, novice TrDe
D:11 exclusion: oklob sapling


Innate Abilities, Weirdness & Mutations

You are completely covered in rugged brown scales. (AC +3, +7% HP)
You have supernaturally acute eyesight. (SInv)
Armour fits poorly on your strangely shaped body.
You can roll at nearby foes to attack.
You have a long armoured tail.
You curl defensively after being hit. (AC +7*)


Message History

The boulder beetle simulacrum barely misses you.
The spectral boulder beetle bites you!
You are too injured to fight recklessly!
You gain the combat prowess of a mighty hero.
The boulder beetle simulacrum bites you!
* * * LOW HITPOINT WARNING * * *
The boulder beetle simulacrum freezes you!
You resist.
* * * LOW HITPOINT WARNING * * *
The spectral boulder beetle bites you but does no damage.
The spectral boulder beetle attacks as you move away!
The spectral boulder beetle bites you but does no damage.
You are too injured to fight recklessly!
You are too injured to fight recklessly!
You are too injured to fight recklessly!
You slice the spectral boulder beetle!! You freeze the spectral boulder beetle.
You destroy the spectral boulder beetle!
Okawaru accepts your kill.
You hit the spectral black mamba.
The spectral black mamba is lightly damaged.
The spectral black mamba bites you but does no damage. x2
You barely miss the spectral black mamba.
The spectral black mamba is lightly damaged.
The spectral black mamba barely misses you.
You slash the spectral black mamba! You freeze the spectral black mamba.
Your tail-slap misses the spectral black mamba.
The spectral black mamba is heavily damaged.
You block the spectral black mamba's attack.
You slash the spectral black mamba!
Your tail-slap misses the spectral black mamba.
The spectral black mamba is almost destroyed.
The spectral black mamba bites you.
* * * LOW HITPOINT WARNING * * *
You feel drained.
* * * LOW HITPOINT WARNING * * *
You hit the spectral black mamba. You freeze the spectral black mamba.
You destroy the spectral black mamba!
Okawaru accepts your kill. The spectral black mamba bites you!
You die...

#.≈≈≈...##.......##...≈≈≈.# #
#.≈≈...##..##'##..##...≈≈.# #
#.≈≈..##..###.###..##..≈≈.# #
#####.≈≈.##.. #.....##..##.≈≈.# #
...##.≈≈##.. #.....###..##≈≈.# #
...##.≈≈#.. #.....# #..#≈≈.# #
......≈≈#. #..⌠..# ##.#≈≈.# #
#####.≈≈# +.....# #.#≈≈.# #.≈≈#
#.@...# #.#≈≈.# ### #.≈≈# ###Z###
##.#≈≈.# # ..# #.≈≈#
#.Z'Z'..###..#≈≈.# # ..# #.≈≈##
####.#####..##≈≈<# # ..# #.≈≈.##
:_) ##).##.≈≈.# # ..###.≈≈..##
#######..#'..≈≈.### ......≈≈...##
+.....'.##...≈≈....
..###.≈≈≈...###.....###...≈≈≈.###
..# #..≈≈≈...####'####...≈≈≈..#


You could see a spectral black mamba and a boulder beetle simulacrum.

Vanquished Creatures
  2 boulder beetles (D:11)
  Erica (D:8)
  5 two-headed ogres
  Pikel (D:6)
  A spectral boulder beetle (D:11)
  An ugly thing (D:11)
  A cyclops (D:9)
  3 spectral centaurs (D:11)
  2 centaur skeletons (D:11)
  A hornet (D:6)
  2 trolls
  A spectral black mamba (D:11)
  11 flying skulls (D:11)
  7 wraiths (D:11)
  2 shadows (D:11)
  3 basilisks (D:11)
  A vampire (D:11)
  3 yaks (D:7)
  A steam dragon (D:7)
  Menkaure (D:4)
  3 vampire mosquitoes
  5 wargs (D:11)
  3 acid dragons
  2 water moccasins (D:11)
  A hell hound (D:11)
  Duvessa (D:5)
  13 orc warriors
  2 ice beasts
  3 sky beasts
  3 ogres
  3 lemures (D:6)
  21 centaurs
  A phantom (D:6)
  5 kobold brigands
  5 bullfrogs
  2 gnoll sergeants (D:9)
  2 scorpions
  A necrophage (D:6)
  13 wights
  Dowan (D:5)
  9 killer bees (D:10)
  4 jellies
  3 hounds
  3 orc priests (D:3)
  A gnoll shaman (D:6)
  10 orc wizards
  2 iguanas
  5 hell rats (D:11)
  12 gnolls
  A howler monkey skeleton (D:11)
  12 adders
  A shadow imp (D:6)
  3 white imps
  An ufetubus (D:6)
  3 dart slugs
  53 orcs
  5 bats
  3 endoplasms
  A giant cockroach (D:2)
  11 goblins
  9 hobgoblins
  4 jackals (D:11)
  A quokka (D:2)
  11 ball pythons
  5 frilled lizards
  30 kobolds
  3 rats
346 creatures vanquished.

Vanquished Creatures (others)
  An orc warrior (Bailey)
  A kobold (D:7)
  A bush (D:11)
  7 plants (D:11)
10 creatures vanquished.

Grand Total: 356 creatures vanquished

Notes
Turn   | Place    | Note
-------+----------+-------------------------------------------
     0 | D:5      | oldriver the Palentonga Delver began the quest for the Orb.
     0 | D:5      | Reached XP level 1. HP: 19/19 MP: 1/1
   178 | D:3      | Found an ancient bone altar of Kikubaaqudgha.
   493 | D:2      | Reached XP level 2. HP: 9/25 MP: 2/2
   865 | D:2      | Reached XP level 3. HP: 27/31 MP: 3/3
  1444 | D:1      | Reached skill level 3 in Axes
  2897 | D:2      | Reached XP level 4. HP: 18/39 MP: 4/4
  3066 | D:3      | Reached skill level 4 in Axes
  3270 | D:3      | Reached XP level 5. HP: 29/44 MP: 5/5
  3534 | D:3      | Reached skill level 5 in Axes
  4014 | D:4      | Found a basalt altar of Yredelemnul.
  4015 | D:4      | Got the Catalogue of Earth and the Oath
  4094 | D:4      | Reached XP level 6. HP: 35/52 MP: 6/6
  4483 | D:4      | Noticed Menkaure
  4504 | D:4      | Killed Menkaure
  4505 | D:4      | Reached skill level 5 in Fighting
  4862 | D:4      | Found a staircase to the Ecumenical Temple.
  5058 | D:5      | Reached skill level 6 in Axes
  5058 | D:5      | Gained mutation: You curl defensively after being hit. (AC
                  | +7*) [Palentonga growth]
  5058 | D:5      | Reached XP level 7. HP: 52/59 MP: 7/7
  5104 | Temple   | Entered the Ecumenical Temple
  5282 | Temple   | Became a worshipper of Warmaster Okawaru
  5460 | D:5      | Noticed Duvessa
  5464 | D:5      | Noticed Dowan
  5483 | D:5      | Killed Dowan
  5484 | D:5      | Killed Duvessa
  5608 | D:5      | Reached skill level 7 in Axes
  5801 | D:5      | Found a shimmering blue altar of Sif Muna.
  5821 | D:5      | Reached * piety under Okawaru
  5822 | D:5      | Reached skill level 1 in Armour
  6084 | D:5      | Reached XP level 8. HP: 24/68 MP: 8/8
  6615 | D:6      | Reached skill level 8 in Axes
  6636 | D:6      | Reached ** piety under Okawaru
  6697 | D:6      | Noticed a hornet
  6709 | D:6      | Found a broken altar of Ashenzari.
  6713 | D:6      | Saw a vision of the Shoals and the Spider Nest.
  6713 | D:6      | Noticed a sea snake
  6713 | D:6      | Noticed a wind drake
  6713 | D:6      | Noticed a hornet
  6713 | D:6      | Noticed a merfolk siren
  6713 | D:6      | Noticed a wind drake
  6713 | D:6      | Noticed a wind drake
  6713 | D:6      | Noticed a merfolk
  6714 | D:6      | Noticed a merfolk
  7054 | D:6      | Reached skill level 9 in Axes
  7065 | D:6      | Reached XP level 9. HP: 75/77 MP: 9/9
  7072 | D:6      | Reached *** piety under Okawaru
  7863 | D:7      | Noticed Pikel
  8005 | D:6      | Reached skill level 1 in Invocations
  8010 | D:6      | Killed Pikel
  8011 | D:6      | Reached skill level 10 in Axes
  8758 | D:8      | Noticed a troll
  8871 | D:7      | Reached **** piety under Okawaru
  9170 | D:7      | Reached skill level 11 in Axes
  9339 | D:7      | Noticed a two-headed ogre
  9354 | D:7      | Killed a two-headed ogre
  9355 | D:7      | Reached XP level 10. HP: 87/87 MP: 11/13
 10130 | D:7      | HP: 3/85 [troll (4)]
 10218 | D:7      | Reached skill level 5 in Invocations
 10494 | D:7      | Reached ***** piety under Okawaru
 10598 | D:8      | Reached skill level 12 in Axes
 10704 | D:8      | Noticed Erica
 10723 | D:8      | Killed Erica
 10723 | D:8      | Received a gift from Okawaru
 11305 | D:8      | Found Emuz's Magic Scroll Shop.
 11905 | D:9      | Noticed a cyclops
 11910 | D:9      | Killed a cyclops
 12139 | D:9      | Found a sacrificial altar of Ru.
 12163 | D:9      | Reached XP level 11. HP: 95/95 MP: 14/14
 12298 | D:9      | Noticed a two-headed ogre
 12311 | D:9      | Killed a two-headed ogre
 12311 | D:9      | Received a gift from Okawaru
 12842 | D:10     | Entered Level 10 of the Dungeon
 12999 | D:10     | Found a runed translucent door.
 13030 | D:10     | Found a flagged portal.
 13045 | Bailey   | Entered a bailey
 14675 | Bailey   | Reached skill level 13 in Axes
 15317 | D:10     | Found a transporter.
 15320 | D:10     | Noticed delverdan's ghost (novice TrDe)
 15321 | D:10     | Found a transporter.
 15380 | D:10     | Found a hazy altar of Hepliaklqana.
 15381 | D:10     | Found an ornate altar of the Wu Jian Council.
 15381 | D:10     | Found an opulent altar of Gozag.
 15382 | D:10     | Found a hide-covered altar of Uskayaw.
 16218 | D:10     | Identified the +1 rapier "Orb Guardian's Bane" {vamp, rPois
                  | rF- Dex+2}
 16314 | D:10     | Found a runed translucent door.
 16329 | D:10     | Noticed an obsidian statue
 16367 | D:11     | Noticed a two-headed ogre
 16367 | D:11     | Noticed a boulder beetle
 16488 | D:11     | Killed a two-headed ogre
 16516 | D:11     | Killed a boulder beetle
 16516 | D:11     | Identified the +11 battleaxe of Uphiypech {freeze, *Corrode
                  | rC+ Str+3} (Okawaru gifted it to you on level 11 of the
                  | Dungeon)
 16516 | D:11     | Received a gift from Okawaru
 16517 | D:11     | Reached skill level 10 in Fighting
 16517 | D:11     | Reached skill level 1 in Shields
 16568 | D:11     | Noticed a two-headed ogre
 16854 | D:11     | Found a staircase to the Orcish Mines.
 16875 | D:11     | Found a staircase to the Lair.
 16930 | D:11     | Noticed a boulder beetle
 17001 | D:11     | Killed a boulder beetle
 17376 | D:11     | Reached skill level 5 in Armour
 17945 | D:11     | Killed a two-headed ogre
 17954 | D:11     | Reached skill level 14 in Axes
 17954 | D:11     | Reached XP level 12. HP: 87/104 MP: 15/17
 18203 | D:11     | Noticed a two-headed ogre
 18210 | D:11     | Killed a two-headed ogre
 18713 | D:11     | Received a gift from Okawaru
 19662 | D:11     | Found a basalt altar of Yredelemnul.
 19679 | D:11     | Slain by a spectral black mamba

Illustrated notes

Levels and vault maps discovered:
D:1:      erik_arrival_cave_to_civilisation [erik_arrival_cave_to_hall],
          layout_basic
D:2:      layout_loops_cross
D:3:      minmay_general_purpose_star, layout_loops_ring,
          nicolae_kikubaaqudgha_miasma_corner
D:4:      layout_rooms, lemuel_round_altar, minmay_temple_entry_fiery,
          hangedman_decor_growths, grunt_ministairs_9, minmay_misc_feat_roman,
          lemuel_flame_loot_1, uniq_menkaure
D:5:      layout_gridville, mainiacjoe_overflow_paths, uniq_duvessa
D:6:      cheibrodos_fzero, layout_basic, grunt_ashenzari_visionary
          [grunt_ashenzari_visionary_shoals, grunt_ashenzari_visionary_spider],
          minmay_manual_maat
D:7:      layout_cave_pools, kennysheep_generic_room_8, uniq_pikel
D:8:      layout_cave_pools, serial_shops, shop, grunt_ministairs_3,
          minmay_door_square, uniq_erica
D:9:      layout_basic, nicolae_ru_the_path_less_chosen
D:10:     cheibrodos_histonic, layout_layer_cave,
          chequers_temple_overflow_statue_of_worship, gammafunk_ghost_arena,
          enter_bailey_3, minmay_crystal_room, minivault_15, minivault_21
D:11:     lemuel_vampire_tower, layout_basic, lair_entry_dummy, orc_0_dummy,
          introduction_to_nature_2
Temple:   nicolae_temple_figure_eight

Skill      XL: |  1  2  3  4  5  6  7  8  9 10 11 12 |
---------------+-------------------------------------+-----
Axes           | 3 4 5 6 7 9 11 12 14 | 14.4
Fighting       | 4 5 6 7 8 9 10 11 | 11.2
Armour         | 1 3 5 |  5.9
Invocations    | 4 5 7 8 |  8.6
Dodging        | 2 3 |  3.0
Shields        | 1 |  1.3
Stealth        | |  3.4

Action                   |  1- 3 |  4- 6 |  7- 9 | 10-12 || total
-------------------------+-------+-------+-------+-------++-------
Melee: Hand axe          |   126 |   128 |   390 |   393 ||  1037
       Tailslap          |    11 |    16 |    66 |   111 ||   204
       Punch             |     1 |     5 |    10 |     4 ||    20
       Battleaxe         |       |       |       |   411 ||   411
       Bardiche          |       |       |       |    33 ||    33
Throw: Dart              |       |       |     4 |     2 ||     6
Invok: Heroism           |       |       |     1 |    11 ||    12
       Finesse           |       |       |       |     2 ||     2
 Abil: Rolling Charge    |    18 |    17 |    34 |    88 ||   157
Evoke: Wand              |       |       |     3 |     1 ||     4
  Use: Scroll            |     9 |     1 |     6 |     8 ||    24
       Potion            |     1 |     2 |     4 |     8 ||    15
 Stab: Sleeping          |     1 |       |       |       ||     1
Armor: Leather armour    |    51 |    47 |    13 |       ||   111
       Chain mail        |       |       |   210 |   462 ||   672
       Skin              |       |       |     1 |       ||     1
Dodge: Dodged            |    57 |    49 |   101 |   235 ||   442
Block: Other             |     5 |    13 |    82 |   121 ||   221
       Reflection        |       |       |     4 |     7 ||    11
       Buckler           |       |       |       |    80 ||    80

Table legend: (Time is in decaauts)
 A = Elapsed time spent in this place.
 B = Non-inter-level travel time spent in this place.
 C = Inter-level travel time spent in this place.
 D = Time resting spent in this place.
 E = Time spent auto-exploring this place.
 F = Levels seen in this place.
 G = Mean time per level.
                   A        B        C        D        E       F      G
               +--------+--------+--------+--------+--------+-----+--------+
         Total |  19569 |  18828 |    741 |   7355 |   7886 |  13 | 1505.3 |
       Dungeon |  17057 |  16365 |    692 |   6076 |   7352 |  11 | 1550.6 |
        Temple |    270 |    222 |     48 |      0 |    214 |   1 |  270.0 |
        Bailey |   2241 |   2241 |      0 |   1279 |    319 |   1 | 2241.0 |
               +--------+--------+--------+--------+--------+-----+--------+

Top non-repeatable levels by time:
    D:11: 2822 daAuts
  Bailey: 2241 daAuts
     D:6: 2100 daAuts
     D:2: 1762 daAuts
    D:10: 1650 daAuts
     D:7: 1583 daAuts
     D:9: 1469 daAuts
     D:5: 1231 daAuts
     D:8: 1205 daAuts
     D:4: 1132 daAuts
     D:3: 1112 daAuts
     D:1: 987 daAuts
  Temple: 270 daAuts
